 Dungeon Crawl Stone Soup version 0.27-a0-681-g0c81a3c1c3 (webtiles) character file.

Game seed: 14760605399691573094

116 robertstho the Covered (level 5, -3/33 HPs)
             Began as a Gargoyle Fighter on Mar 19, 2021.
             Slain by a gnoll
             ... wielding a +2 vorpal spear
              (9 damage)
             ... on level 3 of the Dungeon.
             The game lasted 00:03:18 (3070 turns).

robertstho the Covered (Gargoyle Fighter)           Turns: 3070, Time: 00:03:19

Health: -3/33      AC: 13    Str: 20    XL:     5   Next: 1%
Magic:  5/5        EV:  5    Int:  8    God:
Gold:   84         SH:  0    Dex: 10    Spells: 4/4 levels left

rFire    . . .     SeeInvis .   a - +0 flail
rCold    + . .     Faith    .   c - +0 kite shield
rNeg     + . .     Spirit   .   o - +0 chain mail
rPois    ∞         Reflect  .   (no helmet)
rElec    +         Harm     .   (no cloak)
rCorr    .         Rampage  .   (no gloves)
Will     .....                  (no boots)
Stlth    ..........             (no amulet)
HPRegen  0.11/turn              b - ring of protection from cold
MPRegen  0.09/turn              (no ring)

@: confused
A: AC +4, negative energy resistance 1, electricity resistance, torment
resistance 1, unbreathing 1, petrification resistance
a: no special abilities


You were on level 3 of the Dungeon.
You visited 1 branch of the dungeon, and saw 3 of its levels.

You collected 84 gold pieces.

Inventory:

Hand Weapons
 a - a +0 flail (weapon)
Armour
 c - a +0 kite shield (worn)
 o - a +0 chain mail (worn)
Jewellery
 b - a ring of protection from cold (right hand)
Wands
 e - a wand of acid (1)
 g - a wand of digging (5)
Scrolls
 k - a scroll of enchant armour {unknown}
 m - 2 scrolls of magic mapping {unknown}
Potions
 d - a potion of might
 f - a potion of mutation
 j - a potion of cancellation
 l - 2 potions of curing {unknown}
 n - a potion of heal wounds {unknown}


   Skills:
 * Level 4.0 Fighting
 + Level 2.8 Maces & Flails
 * Level 4.4 Armour
 + Level 0.4 Dodging
 + Level 3.9 Shields


You had 4 spell levels left.
You didn't know any spells.
Your spell library contained the following spells:

 Spells                   Type           Power      Damage    Failure   Level
 Magic Dart               Conj           0%         1d3       100%        1
 Blink                    Tloc           N/A        N/A       100%        2
 Call Imp                 Summ           0%         N/A       100%        2
 Slow                     Hex            0%         N/A       100%        2
 Conjure Flame            Conj/Fire      0%         6-21      100%        3
 Mephitic Cloud           Conj/Pois/Air  0%         N/A       100%        3


Dungeon Overview and Level Annotations

Branches:
Dungeon (3/15)

Altars:
Ashenzari
Qazlal
Uskayaw


Innate Abilities, Weirdness & Mutations

Your stone body is resilient. (AC +4)
You are immune to poison.
You resist negative energy. (rN+)
You are resistant to electric shocks. (rElec)
You are resistant to unholy torment.
You can survive without breathing.
You are immune to petrification.


Message History

You kill the leopard gecko!
You have reached level 5!
A gnoll is nearby!
e - a wand of acid (1)
The gnoll shouts!
The gnoll zaps a wand.
You resist with some effort.
Things that are here:
a +0 scale mail; a wand of digging (5)
g - a wand of digging (5)
The gnoll zaps a wand.
You resist with some effort.
The gnoll zaps a wand.
Your will is overpowered!
You are confused.
The gnoll zaps a wand.
You resist with some effort.
You see here a scroll labelled OLAEMO RYBB.
m - 2 scrolls labelled OLAEMO RYBB (gained 1)
The gnoll zaps a wand.
Your will is overpowered!
You are more confused.
You're too confused to move!
You're too confused to move!
The gnoll zaps a wand.
You resist with some effort.
The gnoll shouts!
The gnoll zaps a wand.
Your will is overpowered!
You are more confused.
You bump into the rock wall.
The gnoll barely misses you.
The gnoll zaps a wand.
You resist with some effort. The gnoll hits you but does no damage.
The gnoll hits you from afar with a +2 vorpal spear.
The gnoll hits you from afar with a +0 spear.
The gnoll zaps a wand.
You resist with some effort.
The gnoll zaps a wand.
You resist with some effort.
The now-empty wand crumbles to dust.
The gnoll hits you with a +0 spear. The gnoll hits you but does no damage.
The gnoll hits you with a +0 spear. The gnoll hits you but does no damage.
A rat comes into view.
The gnoll hits you but does no damage.
The gnoll hits you from afar with a +2 vorpal spear.
The gnoll hits you from afar with a +0 spear.
* * * LOW HITPOINT WARNING * * *
The gnoll hits you with a +2 vorpal spear!
You die...

#. .#. #.# .. #.. #.
####.. ####.#### .# .....
###..<....###.# #...
............#.# #####...
#......g#.#.#####.......
#....g.@#[..............
##..?.......# ###.#.#.#.
..........#..# #.....#.#.
##...........####.#.......
#.##.#.###.#r#...........
# #.#.# #.##......#.#.##
#.#.# #.# #.........# #
#.# #.###....†#.### #.#
#...........#


You could see 2 gnolls and a rat.

Vanquished Creatures
  Ijyb (D:3)
  A gnoll (D:3)
  An adder (D:2)
  An ooze (D:1)
  2 worms (D:2)
  A dart slug (D:3)
  2 leopard geckos (D:3)
  3 orcs (D:2)
  7 bats
  5 giant cockroaches
  11 goblins
  6 hobgoblins
  4 frilled lizards
  3 kobolds
  7 rats
55 creatures vanquished.

Notes
Turn   | Place    | Note
-------+----------+-------------------------------------------
     0 | D:1      | robertstho the Gargoyle Fighter began the quest for the
                  | Orb.
     0 | D:1      | Reached XP level 1. HP: 14/14 MP: 1/1
   279 | D:1      | Reached XP level 2. HP: 19/19 MP: 2/2
  1310 | D:2      | Reached XP level 3. HP: 21/24 MP: 3/3
  1711 | D:2      | Reached XP level 4. HP: 29/29 MP: 4/4
  1725 | D:2      | Found a stormy altar of Qazlal.
  2248 | D:2      | Found a broken altar of Ashenzari.
  2251 | D:2      | Found a hide-covered altar of Uskayaw.
  2989 | D:3      | Noticed Ijyb
  3008 | D:3      | Killed Ijyb
  3011 | D:3      | Reached XP level 5. HP: 21/33 MP: 5/5
  3070 | D:3      | Slain by a gnoll

Illustrated notes

Levels and vault maps discovered:
D:1:      roderic_crossed_star, layout_basic
D:2:      layout_loops_corners, minitemple, grunt_qazlal_clouds
D:3:      layout_loops_ring, uniq_natasha, uniq_ijyb

Skill      XL: |  1  2  3  4 |
---------------+-------------+-----
Armour         | 4 |  4.4
Fighting       | 4 |  4.0
Maces & Flails | |  2.8
Dodging        | |  0.4
Shields        | |  3.9

Action                   |  1- 3 |  4- 6 || total
-------------------------+-------+-------++-------
Melee: Flail             |   117 |    79 ||   196
  Use: Scroll            |       |     4 ||     4
Armor: Scale mail        |    51 |    12 ||    63
       Chain mail        |       |    56 ||    56
Dodge: Dodged            |    41 |    26 ||    67
Block: Kite shield       |    54 |    54 ||   108

Table legend: (Time is in decaauts)
 A = Elapsed time spent in this place.
 B = Non-inter-level travel time spent in this place.
 C = Inter-level travel time spent in this place.
 D = Time resting spent in this place.
 E = Time spent auto-exploring this place.
 F = Levels seen in this place.
 G = Mean time per level.
                   A        B        C        D        E       F      G
               +--------+--------+--------+--------+--------+-----+--------+
         Total |   3171 |   3032 |    139 |    205 |   2323 |   3 | 1057.0 |
       Dungeon |   3171 |   3032 |    139 |    205 |   2323 |   3 | 1057.0 |
               +--------+--------+--------+--------+--------+-----+--------+

Top non-repeatable levels by time:
     D:2: 1728 daAuts
     D:1: 1106 daAuts
     D:3: 335 daAuts
